 Dungeon Crawl Stone Soup version 0.31.0-11-ge490571c62 (webtiles) character file.

Game seed: 12300928809718959534

185 hito the Digger (level 5, -14/35 HPs)
             Began as a Formicid Earth Elementalist on Jan 27, 2024.
             Demolished by a mummy (15 damage)
             ... in an ossuary.
             The game lasted 00:07:18 (2470 turns).

hito the Digger (Formicid Earth Elementalist)       Turns: 2470, Time: 00:07:19

Health: -14/35     AC:  2    Str: 11 (14) XL:     5   Next: 96%
Magic:  1/8        EV: 12    Int: 14 (15) God:
Gold:   125        SH:  0    Dex: 13 (14) Spells: 1/8 levels left

rFire   . . .        c - +1 dagger
rCold   . . .        (no shield)
rNeg    . . .        a - +0 robe
rPois   .            (helmet unavailable)
rElec   .            (no cloak)
rCorr   .            (no gloves)
SInv    +            (no boots)
Will    +....        (no amulet)
Stlth   ++           (no ring)
HPRegen 0.25/turn    (no ring)
MPRegen 0.11/turn

%: no passive effects
@: marked, enlightened, flying
A: permanent stasis, dig shafts and tunnels, antennae 3, four strong arms
a: Dig


You were in an ossuary.
You visited 1 branch of the dungeon, and saw 4 of its levels.
You also visited: Ossuary.

You collected 125 gold pieces.

Inventory:

Hand Weapons
 c - a +1 dagger (weapon)
Missiles
 i - 5 poisoned darts
Armour
 a - a +0 robe (worn)
 e - a +2 chain mail of positive energy
Jewellery
 l - an amulet of guardian spirit
Scrolls
 h - a scroll of poison
Potions
 b - a potion of magic
 g - a potion of might {unknown}
 j - a potion of haste {unknown}
 k - a potion of degeneration
 n - a potion of cancellation {unknown}
 p - a potion of ambrosia {unknown}


   Skills:
 - Level 1.7 Dodging
 - Level 2.4 Stealth
 - Level 2.1 Spellcasting
 + Level 2.9 Conjurations
 + Level 6.3 Earth Magic


You had one spell level left.
You knew the following spells:

 Your Spells              Type           Power      Damage    Failure   Level
a - Sandblast             Erth           38%        2d10      1%          1
b - Stone Arrow           Conj/Erth      28%        3d8       11%         3
c - Passwall              Erth           19%        N/A       5%          3

Your spell library contained the following spells:

 Spells                   Type           Power      Damage    Failure   Level
 Brom's Barrelling Bould  Conj/Erth      14%        2d4       34%         4
 Petrify                  Alch/Erth      10%        N/A       54%         4
 Fugue of the Fallen      Necr           1%         N/A       56%         3
 Ozocubu's Armour         Ice            1%         N/A       56%         3
 Manifold Assault         Tloc           1%         N/A       93%         4


Dungeon Overview and Level Annotations

Branches:
Dungeon (4/15)            Ossuary (1/1)
 Temple: D:4-7

Altars:
Ashenzari


Innate Abilities, Weirdness & Mutations

You cannot be hasted, slowed, berserked, paralysed or teleported.
You can dig through walls and to a lower floor.
You have a pair of large antennae on your head. (SInv)
Your four strong arms can wield two-handed weapons with a shield.


Message History

The mark upon you grows brighter.
Unknown command.
Casting: Sandblast (safe; 1% risk of failure)
Confirm with . or Enter, or press ? or * to list all spells.
Aiming: Sandblast (safe; 1% risk of failure)
Press: ? - help, Shift-Dir - straight line, f/p - mummy
Aim: a mummy (severely damaged, 92% to hit)
The blast of sand hits the mummy.
The mummy is almost destroyed.
The mummy hits you but does no damage.
Unknown command.
Unknown command.
The mummy closely misses you.
You hit the mummy but do no damage.
The mummy is severely damaged.
You hit the mummy.
The mummy is almost destroyed.
You completely miss the mummy.
The mummy is almost destroyed.
The mummy hits you!!
Ouch! That really hurt!
The mummy hits you.
Casting: Sandblast (safe; 1% risk of failure)
Confirm with . or Enter, or press ? or * to list all spells.
Aiming: Sandblast (safe; 1% risk of failure)
Press: ? - help, Shift-Dir - straight line, f/p - mummy
Aim: a mummy (almost destroyed, 92% to hit)
The blast of sand hits the mummy!
You destroy the mummy!
The mummy hits you!
* * * LOW HITPOINT WARNING * * *
The mummy closely misses you.
Okay, then.
It was a potion of degeneration.
There was something very wrong with that liquid.
You feel weakened.
You feel dopey.
You feel clumsy.
It was a potion of enlightenment.
You feel very buoyant.
You fly up into the air.
The mummy hits you!
You die...

#.#.Z....⌠....+
#,#...'.........+
#.#.{###...^...##
#.'{## ##...^.##
###.# ##'#'## #p#
#.Z.# ... ##)##
??.


#ZMM# ##### #.Z@# ##### You could see 2 mummies, 2 gnoll zombies and a kobold
zombie.

Vanquished Creatures
  A burial acolyte (Ossuary)
  A howler monkey (D:4)
  A mummy (Ossuary)
  3 adders
  A dart slug (D:3)
  A ribbon worm (D:3)
  An orc (D:3)
  5 ball pythons
  3 endoplasms
  4 giant cockroaches
  5 goblins
  5 hobgoblins
  5 kobolds
  3 quokkas
  5 bats
  2 frilled lizards (D:3)
  An orc zombie (Ossuary)
  10 rats
57 creatures vanquished.

Notes
Turn   | Place    | Note
-------+----------+-------------------------------------------
     0 | D:1      | hito the Formicid Earth Elementalist began the quest for
                  | the Orb.
     0 | D:1      | Reached XP level 1. HP: 13/13 MP: 3/3
    79 | D:1      | Reached skill level 4 in Earth Magic
   102 | D:1      | Reached XP level 2. HP: 18/19 MP: 3/5
   458 | D:1      | Reached XP level 3. HP: 24/24 MP: 4/6
   486 | D:1      | Learned a level 3 spell: Stone Arrow
   909 | D:2      | Reached skill level 5 in Earth Magic
   965 | D:2      | Reached skill level 1 in Conjurations
  1631 | D:3      | Reached XP level 4. HP: 30/30 MP: 4/7
  1674 | D:3      | Found a broken altar of Ashenzari.
  1867 | D:3      | Learned a level 3 spell: Passwall
  2360 | D:4      | Reached skill level 6 in Earth Magic
  2360 | D:4      | Reached XP level 5. HP: 29/35 MP: 4/8
  2407 | D:4      | Found a sand-covered staircase.
  2416 | Ossuary  | Entered an ossuary
  2468 | Ossuary  | HP: 1/35 [mummy (13)]
  2470 | Ossuary  | Demolished by a mummy

Illustrated notes

Levels and vault maps discovered:
D:1:      dpeg_arrival_connections, layout_rooms, minivault_24
D:2:      layout_loops_ring
D:3:      layout_loops_ring, mainiacjoe_overflow_alcove_2
D:4:      layout_basic, gammafunk_ghost_split,
          mainiacjoe_ossuary_entry_dusty_tomb, hex_medium
Ossuary:  ossuary_crypta

Skill      XL: |  1  2  3  4 |
---------------+-------------+-----
Earth Magic    | 4 5 6 |  6.3
Conjurations   | 1 2 |  2.9
Dodging        | |  1.7
Stealth        | |  2.4
Spellcasting   | |  2.1

Action                     |  1- 3 |  4- 6 || total
---------------------------+-------+-------++-------
  Melee: Unarmed           |     4 |       ||     4
         Dagger            |    27 |    29 ||    56
   Cast: Sandblast         |    39 |    27 ||    66
         Stone Arrow       |       |     2 ||     2
    Use: Scroll            |       |     4 ||     4
         Potion            |       |     2 ||     2
   Stab: Sleeping          |       |     1 ||     1
 Armour: Robe              |    17 |    26 ||    43
  Dodge: Dodged            |    35 |    17 ||    52
